 Dungeon Crawl Stone Soup version 0.32-a0-131-g9dbbe29261 (webtiles) character file.

Game seed: 15350299005985874163

4452 Newt the Fighter (level 10, -5/74 HPs)
             Began as a Merfolk Gladiator on Feb 8, 2024.
             Was a Believer of Hepliaklqana.
             Slain by a spriggan
             ... wielding the +4 trident "Kaory" {flame, Will++ Int+3 Dex+2}
              (10 damage)
             ... on level 8 of the Dungeon.
             The game lasted 00:08:23 (5659 turns).

Newt the Fighter (Merfolk Gladiator)                Turns: 5659, Time: 00:08:23

Health: -5/74      AC:  3    Str: 18    XL:     10   Next: 37%
Magic:  10/10      EV: 20    Int:  8    God:    Hepliaklqana [**....]
Gold:   383        SH:  0    Dex: 16    Spells: 9/9 levels left

rFire   + . .        T - +2 halberd
rCold   + . .        (shield currently unavailable)
rNeg    . . .        b - +0 leather armour
rPois   +            c - melded +0 helmet
rElec   +            i - melded +0 cloak
rCorr   +            (gloves currently unavailable)
SInv    .            (boots currently unavailable)
Will    .....        m - amulet of regeneration
Stlth   +++          U - +5 ring of evasion
HPRegen 1.12/turn    (no ring)
MPRegen 0.12/turn

%: no passive effects
@: mighty, beast-form, resistant (expiring), on berserk cooldown, slowed, very
slow
A: beast (slay +4), reduced essence, (nimble swimmer 2), mertail
a: Begin Untransformation, Renounce Religion, Recall Ancestor, Ancestor Identity


You were on level 8 of the Dungeon.
You worshipped Hepliaklqana.
Hepliaklqana was pleased with you.
You were a hulking beast.
You visited 1 branch of the dungeon, and saw 8 of its levels.
You also visited: Sewer.

You collected 383 gold pieces.

Inventory:

Hand Weapons
 a - a +1 trident
 K - a +0 heavy trident
 T - a +2 halberd (weapon)
Missiles
 d - 3 throwing nets
 e - 6 javelins
 h - 4 boomerangs
 u - 3 atropa-tipped darts
 v - 6 darts of dispersal
 z - 29 poisoned darts (quivered)
Armour
 b - a +0 leather armour (worn)
 c - a +0 helmet (melded)
 i - a +0 cloak (melded)
 G - a +0 pair of boots
 J - a +1 hat
 L - a +0 kite shield
Jewellery
 f - an amulet of guardian spirit
 m - an amulet of regeneration (around neck)
 Q - a ring of fire
 U - a +5 ring of evasion (left hand)
Talismans
 l - a beast talisman (active)
Wands
 x - a wand of polymorph (15)
 S - a wand of flame (26)
Scrolls
 k - a scroll of enchant armour
 n - 2 scrolls of fog
 o - a scroll of immolation
 q - 3 scrolls of teleportation
 w - a scroll of poison {unknown}
 y - 4 scrolls of enchant weapon
 B - a scroll of blinking {unknown}
 C - a scroll of fear {unknown}
 E - a scroll of noise {unknown}
 F - a scroll of revelation {unknown}
 M - a scroll of amnesia {unknown}
 O - a scroll of acquirement {unknown}
Potions
 g - 2 potions of curing
 j - a potion of heal wounds
 p - 2 potions of resistance
 s - 2 potions of mutation {unknown}
 t - 2 potions of degeneration {unknown}
 A - 2 potions of magic
 D - 2 potions of haste {unknown}
 H - 2 potions of invisibility {unknown}
 I - a potion of might
 N - a potion of attraction {unknown}
 P - a potion of berserk rage
 R - a potion of enlightenment {unknown}


   Skills:
 + Level 9.0 Fighting
 * Level 8.4 Polearms
 - Level 6.0 Throwing
 - Level 7.3 Dodging
 - Level 6.6 Stealth
 - Level 7.3 Shapeshifting


You had 9 spell levels left.
You didn't know any spells.
Your spell library contained the following spells:

 Spells                   Type           Power      Damage    Failure   Level
 Mercury Vapours          Alch/Air       0%         N/A       61%         2
 Mephitic Cloud           Conj/Alch/Air  0%         N/A       83%         3
 Freezing Cloud           Conj/Ice/Air   0%         6-21      100%        5


Dungeon Overview and Level Annotations

Branches:
Dungeon (8/15)             Temple (0/1) D:6           Sewer (visited)
   Lair: D:8-11

Altars:
Elyvilon
Hepliaklqana
Okawaru
Sif Muna

Shops:
D:5 =[*


Innate Abilities, Weirdness & Mutations

You are a hulking beast.
Your limbs bulge with bestial killing power. (Slay +4)
Your life essence is reduced to manifest your ancestor. (-10% HP)
((You are very nimble when in or above water. (Stealth+, EV+, Speed+++)))
Your lower body shifts to a powerful aquatic tail in water.


Message History

The wolf completely misses your butterfly.
The wolf misses your butterfly. The spriggan closely misses you. x2
Unknown command.
You swap places.
The wolf completely misses your butterfly. x2
The spriggan closely misses your butterfly.
The wolf bites your butterfly!
Your butterfly dies!
Your butterfly disappears in a burst of colours!
The spriggan completely misses your butterfly.
Reach: T) +2 halberd
Press: ? - help, Dir - move target, f - wolf, p - spriggan
Aim: a wolf (heavily wounded, about 45% to evade your +2 halberd)
You reach to attack!
You puncture the wolf!
You kill the wolf!
You start to feel less resistant.
The spriggan barely misses your butterfly.
You swap places.
The spriggan hits you from afar with the +4 trident "Kaory" {flame, Will++ Int+3 Dex+2}!
The spriggan burns you. The spriggan misses you.
Reach: T) +2 halberd
Press: ? - help, Dir - move target, f - spriggan
Aim: a spriggan, wielding the +4 trident "Kaory" {flame, Will++ Int+3 Dex+2} (ally target, about 53% to evade your +2 halberd)
You reach to attack!
You slash the spriggan!
The spriggan is severely wounded.
The spriggan barely misses you.
Unknown command.
Reach: T) +2 halberd
Press: ? - help, Dir - move target, f/p - spriggan
Aim: a spriggan, wielding the +4 trident "Kaory" {flame, Will++ Int+3 Dex+2} (severely wounded, ally target, about 53% to evade your +2 halberd)
You reach to attack!
You hit the spriggan.
The spriggan is almost dead.
Your butterfly disappears in a burst of colours!
The spriggan hits you from afar with the +4 trident "Kaory" {flame, Will++ Int+3 Dex+2}!!
* * * LOW HITPOINT WARNING * * *
The spriggan burns you.
* * * LOW HITPOINT WARNING * * *
The spriggan hits you from afar with the +4 trident "Kaory" {flame, Will++ Int+3 Dex+2}!
You die...
Hepliaklqana delivers you to your ancestors.

.........##..#.#..#
.........##.......#
..................#
.............##########
............#.....b...#
.......######.bbb..b..#
....####♣♣♣##b.bbb....#
...##♣♣♣♣?.#.bbbbbb...#
...# ♣...♣##b.ibhbbb..#
##.#♣P ♣..#⌠b##b#######
#..#♣...♣.#...bb#
..##♣..!♣.'.....#
..##♣.♣$.)#.....#
...#♣.P...#⌠....#
..##♣♣.♣..##....#
..###♣♣♣♣♣.#....#
....#### ♣♣#.#.##


You could see a spriggan (ally target).

Vanquished Creatures
  The ghost of CougarLife the Cleaver, a novice MiBe of Trog (D:8)
  A spriggan (D:8)
  2 yaks
  An ice beast (D:8)
  2 sky beasts
  A black bear (D:7)
  A crocodile (Sewer)
  2 wolves
  3 lemures (D:7)
  3 kobold brigands (Sewer)
  2 bullfrogs (D:6)
  4 scorpions
  A killer bee (D:8)
  A gnoll bouda (D:8)
  2 hounds
  A bombardier beetle (D:4)
  An orc priest (D:6)
  Jessica (D:3)
  2 iguanas (D:5)
  2 orc wizards
  6 adders
  2 river rats (Sewer)
  2 white imps (D:8)
  A howler monkey simulacrum (D:8)
  3 ribbon worms (Sewer)
  3 dart slugs
  15 orcs
  8 bats
  8 endoplasms
  5 giant cockroaches
  4 goblins
  3 hobgoblins
  6 jackals
  13 kobolds
  3 quokkas (D:2)
  16 ball pythons
  2 frilled lizards
  7 rats
  A spectral hobgoblin (D:3)
142 creatures vanquished.

Vanquished Creatures (collateral kills)
  Pikel (D:7)
  A polar bear (D:8)
  A hornet (D:8)
  A yak (D:7)
  A sky beast (D:6)
  An ice beast (D:8)
  A black bear (D:8)
  2 bullfrogs (D:8)
  A kobold brigand (D:6)
  A wight (D:8)
  A howler monkey (D:6)
  An electric eel (D:8)
  2 bombardier beetles (D:5)
  An orc wizard (D:6)
  2 adders
  A white imp (D:7)
  A ribbon worm (Sewer)
  6 orcs
  A giant cockroach (D:4)
  A kobold (Sewer)
28 creatures vanquished.

Vanquished Creatures (others)
  A knight (D:8)
1 creature vanquished.

Grand Total: 171 creatures vanquished

Notes
Turn   | Place    | Note
-------+----------+-------------------------------------------
     0 | D:1      | Newt the Merfolk Gladiator began the quest for the Orb.
     0 | D:1      | Reached XP level 1. HP: 16/16 MP: 1/1
   348 | D:1      | Reached XP level 2. HP: 21/23 MP: 2/2
   921 | D:2      | Reached skill level 5 in Polearms
   937 | D:2      | Reached skill level 1 in Shapeshifting
   937 | D:2      | Reached XP level 3. HP: 22/28 MP: 3/3
  1036 | D:2      | Reached skill level 3 in Fighting
  1586 | D:3      | Found a hazy altar of Hepliaklqana.
  1591 | D:3      | Reached XP level 4. HP: 33/35 MP: 4/4
  1598 | D:3      | Became a worshipper of Hepliaklqana the Forgotten
  1898 | D:3      | Noticed Jessica
  1901 | D:3      | Killed Jessica
  2120 | D:3      | Found a faded altar of an unknown god.
  2210 | D:4      | Noticed a scorpion
  2224 | D:4      | Killed a scorpion
  2225 | D:4      | Reached XP level 5. HP: 33/42 MP: 5/5
  2268 | D:4      | Reached skill level 4 in Fighting
  2281 | D:4      | Found a glowing drain.
  2299 | Sewer    | Entered a sewer
  2322 | Sewer    | Reached XP level 6. HP: 48/48 MP: 6/6
  2352 | Sewer    | Reached skill level 5 in Shapeshifting
  2399 | Sewer    | Reached * piety under Hepliaklqana
  2539 | Sewer    | Reached skill level 5 in Fighting
  2539 | Sewer    | Reached XP level 7. HP: 25/50 MP: 7/7
  3097 | D:5      | Entered Level 5 of the Dungeon
  3119 | D:5      | Found Vaecoif's Jewellery Shoppe.
  3142 | D:5      | Found Ifraq's Antique Armour Shoppe.
  3266 | D:5      | Found an iron altar of Okawaru.
  3512 | D:5      | Reached ** piety under Hepliaklqana
  3513 | D:5      | Remembered your ancestor Iltani as a knight
  3556 | D:5      | Found Jeiffa's General Store.
  3598 | D:5      | Found a shimmering blue altar of Sif Muna.
  3652 | D:5      | Reached skill level 5 in Dodging
  3760 | D:5      | Reached XP level 8. HP: 57/57 MP: 8/8
  3932 | D:6      | Reached skill level 6 in Fighting
  4103 | D:6      | Found a staircase to the Ecumenical Temple.
  4202 | D:6      | Reached skill level 1 in Stealth
  4503 | D:7      | Noticed Pikel
  4527 | D:7      | Killed Pikel
  4528 | D:7      | Reached skill level 7 in Fighting
  4528 | D:7      | Reached XP level 9. HP: 64/64 MP: 9/9
  4911 | D:7      | Reached skill level 5 in Stealth
  4962 | D:7      | Reached skill level 5 in Throwing
  5132 | D:8      | Noticed a polar bear
  5140 | D:8      | Killed a polar bear
  5141 | D:8      | Reached skill level 8 in Fighting
  5253 | D:8      | Reached XP level 10. HP: 50/72 MP: 10/10
  5434 | D:8      | Found a white marble altar of Elyvilon.
  5533 | D:8      | Found a runed translucent door.
  5536 | D:8      | Noticed CougarLife's ghost (novice MiBe)
  5537 | D:8      | Identified the +4 trident "Kaory" {flame, Will++ Int+3
                  | Dex+2}
  5652 | D:8      | Killed CougarLife's ghost
  5653 | D:8      | Reached skill level 9 in Fighting
  5659 | D:8      | Slain by a spriggan

Illustrated notes

Levels and vault maps discovered:
D:1:      sevenhm_arrival_forest_fort_large_2, layout_loops_ring
D:2:      layout_loops_ring
D:3:      layout_loops_ring, nicolae_hepliaklqana_monster_ancestors,
          hellmonk_ecumenical_altar_prayer_group, minmay_distorted, uniq_jessica
D:4:      layout_rooms, portal_sewer_entry_b
D:5:      layout_cave_pods, nicolae_sif_muna_little_library,
          mainiacjoe_overflow_paths, serial_shops,
          nicolae_shop_getting_attention, nicolae_shop_trees, shop
D:6:      layout_rooms, minmay_temple_entry_large_hall
D:7:      minmay_polygon_palace, layout_loops_cross, uniq_pikel
D:8:      layout_rooms, nicolae_elyvilon_peaceful_grove, serial_ice,
          serial_ice_k, serial_ice_o, serial_ice_b, serial_ice_a,
          ebering_ghost_funeral_grove, minmay_bent

Skill      XL: |  1  2  3  4  5  6  7  8  9 10 |
---------------+-------------------------------+-----
Polearms       | 5 8 |  8.4
Shapeshifting  | 1 2 4 6 7 |  7.3
Fighting       | 3 4 5 7 8 9 |  9.0
Dodging        | 5 7 |  7.3
Stealth        | 4 6 |  6.6
Throwing       | 4 6 |  6.0

Action                     |  1- 3 |  4- 6 |  7- 9 | 10-12 || total
---------------------------+-------+-------+-------+-------++-------
  Melee: Trident           |   122 |   149 |   196 |       ||   467
         Punch             |     2 |     6 |     5 |       ||    13
         Tailslap          |       |     6 |     2 |       ||     8
         Halberd           |       |       |    16 |    36 ||    52
  Throw: Dart              |       |       |    19 |       ||    19
 Invoke: Recall Ancestor   |       |       |     3 |       ||     3
         Ancestor Life: Kn |       |       |     1 |       ||     1
    Use: Scroll            |       |     4 |     2 |     1 ||     7
         Potion            |       |     1 |     4 |     5 ||    10
   Stab: Sleeping          |     1 |       |     1 |     1 ||     3
         Distracted        |       |       |     1 |       ||     1
 Armour: Leather armour    |    66 |    35 |    87 |    21 ||   209
  Dodge: Dodged            |    60 |    70 |    91 |    35 ||   256
   Form: Beast             |     1 |       |       |       ||     1

Table legend: (Time is in decaauts)
 A = Elapsed time spent in this place.
 B = Non-inter-level travel time spent in this place.
 C = Inter-level travel time spent in this place.
 D = Time resting spent in this place.
 E = Time spent auto-exploring this place.
 F = Levels seen in this place.
 G = Mean time per level.
                   A        B        C        D        E       F      G
               +--------+--------+--------+--------+--------+-----+--------+
         Total |   5639 |   5372 |    267 |    335 |   3843 |   9 |  626.6 |
       Dungeon |   5239 |   4972 |    267 |    217 |   3711 |   8 |  654.9 |
         Sewer |    400 |    400 |      0 |    118 |    132 |   1 |  400.0 |
               +--------+--------+--------+--------+--------+-----+--------+

Top non-repeatable levels by time:
     D:5: 826 daAuts
     D:1: 812 daAuts
     D:3: 724 daAuts
     D:2: 680 daAuts
     D:8: 593 daAuts
     D:7: 584 daAuts
     D:6: 572 daAuts
     D:4: 444 daAuts
   Sewer: 400 daAuts
